 Dungeon Crawl Stone Soup version 0.29-a0-757-g358383bc75 (webtiles) character file.

Game seed: 6890135317168149479

519 buhh the Skirmisher (level 7, -3/50 HPs)
             Began as a Formicid Hunter on June 30, 2022.
             Slain by an orc priest
             ... wielding a +0 short sword
              (7 damage)
             ... on level 4 of the Dungeon.
             The game lasted 00:05:30 (3489 turns).

buhh the Skirmisher (Formicid Hunter)               Turns: 3489, Time: 00:05:30

Health: -3/50      AC:  4    Str: 15    XL:     7   Next: 45%
Magic:  7/7        EV: 12    Int:  9    God:
Gold:   183        SH:  0    Dex: 19    Spells: 6/6 levels left

rFire   . . .      SeeInvis +   i - +0 arbalest
rCold   . . .      Faith    .   (no shield)
rNeg    . . .      Spirit   .   c - +0 leather armour
rPois   .          Reflect  .   (helmet unavailable)
rElec   .          Harm     .   (no cloak)
rCorr   .          Rampage  .   (no gloves)
Will    .....                   m - +0 pair of boots
Stlth   ++........              (no amulet)
HPRegen 0.16/turn               (no ring)
MPRegen 0.10/turn               (no ring)

@: no status effects
A: permanent stasis, dig shafts and tunnels, antennae 3, four strong arms
a: Dig, Shaft Self


You were on level 4 of the Dungeon.
You visited 1 branch of the dungeon, and saw 4 of its levels.

You collected 183 gold pieces.

Inventory:

Hand Weapons
 a - a +0 shortbow
 i - a +0 arbalest (weapon)
Missiles
 u - 2 poisoned darts
Armour
 c - a +0 leather armour (worn)
 m - a +0 pair of boots (worn)
Magical Staves
 e - a staff of death
Jewellery
 f - a ring of ice
Wands
 v - a wand of digging (11)
Scrolls
 g - 2 scrolls of identify {!d}
 h - 2 scrolls of silence {!r}
 k - a scroll of teleportation {unknown}
 l - 2 scrolls of vulnerability {unknown}
 n - 2 scrolls of amnesia {unknown}
 o - a scroll of enchant armour {unknown}
 p - 2 scrolls of noise {unknown}
 s - a scroll of poison {unknown}
 Q - a scroll of fog
 R - 2 scrolls of torment
 T - a scroll of immolation {!d}
Potions
 b - 3 potions of heal wounds {unknown}
 d - a potion of flight {unknown}
 j - a potion of curing {unknown}
 q - a potion of mutation {unknown}
 r - 2 potions of attraction {unknown}
 t - a potion of magic {unknown}


   Skills:
 - Level 2.1 Fighting
 + Level 8.5 Ranged Weapons
 - Level 1.7 Dodging
 - Level 1.2 Stealth


You had 6 spell levels left.
You didn't know any spells.
Your spell library contained the following spells:

 Spells                   Type           Power      Damage    Failure   Level
 Apportation              Tloc           0%         N/A       45%         1
 Dazzling Flash           Conj/Hex       0%         N/A       83%         3
 Iskenderun's Mystic Bla  Conj/Tloc      0%         2d3       99%         4
 Alistair's Intoxication  Tmut/Pois      0%         N/A       100%        5
 Starburst                Conj/Fire      0%         6d3       100%        6


Dungeon Overview and Level Annotations

Branches:
Dungeon (4/15) Zot: 20446
 Temple: D:4-7

Altars:
Trog


Innate Abilities, Weirdness & Mutations

You cannot be hasted, slowed, berserked, paralysed or teleported.
You can dig through walls and to a lower floor.
You have a pair of large antennae on your head. (SInv)
Your four strong arms can wield two-handed weapons with a shield.


Message History

The orc shouts!
You hear a shout!
An endoplasm comes into view.
An adder comes into view.
You shoot a bolt. The bolt barely misses the orc.
The endoplasm quivers.
An orc priest comes into view. It is wielding a +0 short sword.
An orc comes into view. It is wielding a +0 short sword.
You shoot a bolt. The bolt hits the orc!
You kill the orc!
You shoot a bolt. The bolt barely misses the endoplasm.
The orc priest begins to cast a cantrip, but forgets the words!
You shoot a bolt. The bolt barely misses the endoplasm.
The endoplasm freezes you.
You are frozen.
The endoplasm freezes you.
You are frozen.
You shoot a bolt. The bolt hits the endoplasm!!
You kill the endoplasm!
The adder bites you.
You shoot a bolt. The bolt hits the adder!
The adder is severely wounded.
The adder bites you but does no damage. The adder barely misses you.
You shoot a bolt. The bolt hits the adder!!
You kill the adder!
The orc priest closely misses you. The orc hits you with a +0 short sword.
You shoot a bolt. The bolt hits the orc priest!
The orc priest is heavily wounded.
The orc priest invokes the aid of Beogh against you.
Pain shoots through your body! The orc hits you with a +0 short sword.
The orc priest hits you but does no damage.
The orc barely misses you.
You are too injured to fight recklessly!
Are you sure you want to shaft yourself?
The orc priest calls down the wrath of Beogh upon you.
Beogh smites you!
* * * LOW HITPOINT WARNING * * *
The orc hits you with a +0 short sword.
* * * LOW HITPOINT WARNING * * *
You begin to dig a shaft.
You continue digging a shaft.
The orc priest hits you with a +0 short sword!
You die...

#.......# #.. ##
####.......# ....###
#..........# .....#
#.######..####.... #.#
####......... #.#
#.....####..# #.# #.###.#
#..# #.#
#.###.####o.#.##..
####.###.##.....@†.......
#.........[..##o##.#.##.#
#.##.###.##..##........
#.##.# #.##.......o..##
#....# #.##..##.##)#.#
###### #.##...... ...#
#.##..##.. ....
#.##..##.. ..... #.. ....
...


You could see an orc priest and an orc.

Vanquished Creatures
  Grinder (D:3)
  2 scorpions
  A howler monkey (D:3)
  A hound (D:3)
  An iguana (D:3)
  5 adders
  A worm (D:3)
  4 dart slugs
  An orc (D:4)
  9 ball pythons
  8 endoplasms
  A giant cockroach (D:2)
  6 goblins
  6 hobgoblins
  2 jackals (D:2)
  4 kobolds
  3 quokkas
  6 bats
  3 frilled lizards
  5 rats
70 creatures vanquished.

Notes
Turn   | Place    | Note
-------+----------+-------------------------------------------
     0 | D:1      | buhh the Formicid Hunter began the quest for the Orb.
     0 | D:1      | Reached XP level 1. HP: 16/16 MP: 1/1
   106 | D:1      | Reached XP level 2. HP: 22/22 MP: 2/2
   541 | D:1      | Reached XP level 3. HP: 27/27 MP: 3/3
   817 | D:1      | Reached skill level 5 in Ranged Weapons
  1289 | D:2      | Reached XP level 4. HP: 33/33 MP: 4/4
  1713 | D:3      | Noticed a scorpion
  1723 | D:3      | You fall into a shaft and drop 1 floor!
  2078 | D:3      | Killed a scorpion
  2079 | D:3      | Reached skill level 6 in Ranged Weapons
  2079 | D:3      | Reached XP level 5. HP: 35/38 MP: 5/5
  2300 | D:3      | Reached XP level 6. HP: 44/44 MP: 6/6
  2567 | D:3      | Reached skill level 7 in Ranged Weapons
  2841 | D:3      | Noticed Grinder
  2847 | D:3      | Killed Grinder
  2848 | D:3      | Reached skill level 8 in Ranged Weapons
  2848 | D:3      | Reached XP level 7. HP: 50/50 MP: 7/7
  2850 | D:3      | Found a bloodstained altar of Trog.
  3489 | D:4      | Slain by an orc priest

Illustrated notes

Levels and vault maps discovered:
D:1:      arrival_zaba_pyramid, layout_basic, dk_noncrumbling_2,
          minmay_crystal_room
D:2:      layout_loops_ring
D:3:      layout_basic, mainiacjoe_overflow_concentric_impassable,
          minmay_misc_feat_encased, uniq_grinder
D:4:      minmay_spotlight, layout_basic, elyvilon_altar_5, lemuel_tele_altar

Skill      XL: |  1  2  3  4  5  6 |
---------------+-------------------+-----
Ranged Weapons | 5 6 8 |  8.5
Fighting       | |  2.1
Dodging        | |  1.7
Stealth        | |  1.2

Action                   |  1- 3 |  4- 6 |  7- 9 || total
-------------------------+-------+-------+-------++-------
 Fire: Shortbow          |    78 |    59 |       ||   137
       Arbalest          |       |    12 |    30 ||    42
 Abil: Dig               |     1 |       |       ||     1
       Shaft Self        |       |     1 |     1 ||     2
  Use: Scroll            |       |     3 |       ||     3
Armor: Leather armour    |     8 |     7 |    10 ||    25
Dodge: Dodged            |    20 |    12 |    21 ||    53

Table legend: (Time is in decaauts)
 A = Elapsed time spent in this place.
 B = Non-inter-level travel time spent in this place.
 C = Inter-level travel time spent in this place.
 D = Time resting spent in this place.
 E = Time spent auto-exploring this place.
 F = Levels seen in this place.
 G = Mean time per level.
                   A        B        C        D        E       F      G
               +--------+--------+--------+--------+--------+-----+--------+
         Total |   3552 |   3310 |    242 |    160 |   2724 |   4 |  888.0 |
       Dungeon |   3552 |   3310 |    242 |    160 |   2724 |   4 |  888.0 |
               +--------+--------+--------+--------+--------+-----+--------+

Top non-repeatable levels by time:
     D:3: 1399 daAuts
     D:1: 918 daAuts
     D:2: 778 daAuts
     D:4: 456 daAuts
